 Dungeon Crawl Stone Soup version 0.29.1-2-gbd0b4ee654 (webtiles) character file.

Game seed: 17617503707526567970

2123 boopmooplesden the Carver (level 9, 0/118 HPs)
             Began as a Minotaur Berserker on Nov 25, 2022.
             Was an Elder of Trog.
             Killed from afar by funnyparkerb's ghost (3 damage)
             ... with a magic dart
             ... while petrified by a +1 falchion of chaos
             ... on level 6 of the Dungeon.
             The game lasted 00:09:42 (8603 turns).

boopmooplesden the Carver (Minotaur Berserker)      Turns: 8603, Time: 00:09:42

Health: 0/118      AC:  9    Str: 31    XL:     9   Next: 8%
Magic:  2/8        EV:  2    Int:  4    God:    Trog [****..]
Gold:   88         SH:  0    Dex: 12    Spells: 8/8 levels left

rFire   . . .      SeeInvis .   B - +1 lajatang (speed)
rCold   . . .      Faith    .   (shield currently unavailable)
rNeg    + + +      Spirit   .   v - +2 ring mail of Idealism {Str+7}
rPois   ∞          Reflect  .   (helmet restricted)
rElec   .          Harm     .   j - +0 cloak
rCorr   .          Rampage  .   (no gloves)
Will    +....                   (no boots)
Stlth   ..........              (no amulet)
HPRegen 0.29/turn               x - ring of willpower
MPRegen 0.11/turn               (no ring)

@: berserking (expiring), lethally poisoned (0 -> 0), petrified, invisible
A: horns 2, retaliatory headbutt
a: Renounce Religion, Berserk, Trog's Hand, Brothers in Arms


You were on level 6 of the Dungeon.
You worshipped Trog.
Trog was greatly pleased with you.
You visited 1 branch of the dungeon, and saw 6 of its levels.
You also visited: Sewer.

You collected 304 gold pieces.
You spent 216 gold pieces at shops.

Inventory:

Hand Weapons
 a - a +0 spectral falchion
 u - a +4 hand axe of electrocution
 B - a +1 lajatang of speed (weapon)
Missiles
 g - 3 boomerangs (quivered)
 D - a throwing net
Armour
 j - a +0 cloak (worn)
 v - the +2 ring mail of Idealism (worn) {Str+7}
   (You bought it in a shop on level 1 of the Dungeon)

   Str:       It affects your strength (+7).
 A - a +2 scale mail of poison resistance
 E - a +0 plate armour
Jewellery
 b - a +4 ring of protection
 t - a ring of ice
 x - a ring of willpower (left hand)
Wands
 o - a wand of mindburst (11)
 y - a wand of polymorph (18)
Scrolls
 k - 2 scrolls of poison {unknown}
 l - 5 scrolls of identify
 m - 2 scrolls of fear
 r - a scroll of amnesia {unknown}
 s - a scroll of blinking
 w - 4 scrolls of teleportation
 C - a scroll of brand weapon
 G - a scroll of torment {unknown}
Potions
 c - 3 potions of flight
 d - 4 potions of mutation {unknown}
 e - a potion of brilliance {unknown}
 f - 5 potions of curing {unknown}
 h - 3 potions of attraction {unknown}
 i - 2 potions of heal wounds {unknown}
 n - 2 potions of might
 p - a potion of invisibility {unknown}
 q - 2 potions of degeneration {unknown}
 z - a potion of cancellation {unknown}
 F - a potion of magic {unknown}


   Skills:
 + Level 7.6 Fighting
 + Level 8.9 Long Blades
 + Level 3.4 Staves
 + Level 5.3 Armour
 + Level 6.1 Dodging
 + Level 3.0 Stealth


You had 8 spell levels left.
You didn't know any spells.
Your spell library was empty.

Dungeon Overview and Level Annotations

Branches:
Dungeon (6/15)              Sewer (visited)
 Temple: D:4-7

Altars:
Xom

Shops:
D:1 *   D:5 [

Portals:
Abyss: D:3

Annotations:
D:6 funnyparkerb's ghost, novice DsCj


Innate Abilities, Weirdness & Mutations

You have a pair of horns on your head.
You reflexively headbutt those who attack you in melee.


Message History

You miss the +1 falchion of chaos. You headbutt the +1 falchion of chaos.
The +1 falchion of chaos is lightly damaged.
The +1 falchion of chaos hits you! The +1 falchion of chaos hits you.
You are slowing down.
You barely miss the +1 falchion of chaos.
The +1 falchion of chaos is lightly damaged.
The +1 falchion of chaos hits you. The +1 falchion of chaos burns you.
You barely miss the +1 falchion of chaos.
The +1 falchion of chaos is lightly damaged.
The +1 falchion of chaos hits you!
* * * LOW HITPOINT WARNING * * *
The +1 falchion of chaos freezes you.
Your limbs are stiffening.
You miss the +1 falchion of chaos.
The +1 falchion of chaos is lightly damaged.
The +1 falchion of chaos hits you!
* * * LOW HITPOINT WARNING * * *
The +1 falchion of chaos hits you!
* * * LOW HITPOINT WARNING * * *
You are poisoned.
You have turned to stone.
The +1 falchion of chaos hits you.
* * * LOW HITPOINT WARNING * * *
The +1 falchion of chaos freezes you.
The +1 falchion of chaos hits you but does no damage.
Space warps around you.
* * * LOW HITPOINT WARNING * * *
The +1 falchion of chaos hits you but does no damage.
The +1 falchion of chaos hits you.
Funnyparkerb's ghost mumbles some strange words.
Funnyparkerb's ghost blinks!
The +1 falchion of chaos hits you!
* * * LOW HITPOINT WARNING * * *
You fade into invisibility!
Funnyparkerb's ghost mumbles some strange words.
Funnyparkerb's ghost blinks!
The +1 falchion of chaos hits you!
* * * LOW HITPOINT WARNING * * *
The +1 falchion of chaos hits you but does no damage.
Funnyparkerb's ghost gestures at you while chanting.
The magic dart hits you!
You die...

##.P##'#P.#####...P...#
#.#
......................#
#.#
##......#####...###..##
#.###### #.####.#####...#
##.#####.......
#.####...##..###
#.......#######
#.##.....#..##.###.#####.#
#
#.##.#......#._.#..#####.#
#
#.##.#......##(##.....##.#
#
#..<<..####..W.@.#.......#
####.#...##.....§#.##.##.#
#.#...##....###.......#
#.......##)## #.##....#
#.......##.####^####..#
#............##.####..#
#............##.......#
#.#...#......#######.####
##.##.##......# #......#


You could see a +1 falchion of chaos (unable to see you) and funnyparkerb's
ghost (unable to see you).

Vanquished Creatures
  Eustachio (D:6)
  A steam dragon (D:6)
  A water moccasin (D:5)
  3 ice beasts
  A sky beast (D:6)
  2 ogres
  A phantom (D:5)
  A kobold brigand (D:6)
  A necrophage (D:2)
  3 bullfrogs
  A howler monkey (D:5)
  3 jellies
  The ghost of lmSkywalker the Caller, a weakling TeSu (D:3)
  A small abomination (D:3)
  Crazy Yiuf (D:2)
  3 orc priests
  2 hounds
  2 iguanas
  Ijyb (D:5)
  2 orc wizards
  Robin (D:3)
  6 adders (Sewer)
  3 river rats (Sewer)
  3 shadow imps
  3 white imps
  3 ufetubi
  A worm (D:3)
  A dart slug (D:1)
  24 orcs
  13 endoplasms
  8 giant cockroaches
  14 goblins
  12 hobgoblins
  10 jackals
  15 kobolds
  8 quokkas
  17 ball pythons
  3 bats
  2 frilled lizards
  28 rats
207 creatures vanquished.

Vanquished Creatures (others)
  A goblin (D:3)
  3 plants (D:6)
4 creatures vanquished.

Grand Total: 211 creatures vanquished

Notes
Turn   | Place    | Note
-------+----------+-------------------------------------------
     0 | D:1      | boopmooplesden the Minotaur Berserker began the quest for
                  | the Orb.
     0 | D:1      | Reached XP level 1. HP: 19/19 MP: 0/0
   178 | D:1      | Reached XP level 2. HP: 22/27 MP: 1/1
   260 | D:1      | Reached skill level 4 in Long Blades
   536 | D:1      | Found Lonk's Assorted Antiques.
   892 | D:1      | Reached XP level 3. HP: 32/33 MP: 2/2
   908 | D:1      | Reached ** piety under Trog
  1351 | D:2      | Noticed a necrophage
  1360 | D:2      | Killed a necrophage
  1361 | D:2      | Reached skill level 5 in Long Blades
  1361 | D:2      | Reached XP level 4. HP: 41/41 MP: 3/3
  2150 | D:2      | Found a runed translucent door.
  2151 | D:2      | Noticed Crazy Yiuf
  2297 | D:2      | Killed Crazy Yiuf
  2298 | D:2      | Reached XP level 5. HP: 44/47 MP: 4/4
  2500 | D:3      | Found a glowing drain.
  2526 | Sewer    | Entered a sewer
  2934 | Sewer    | Reached *** piety under Trog
  2956 | Sewer    | Reached skill level 5 in Fighting
  3216 | Sewer    | Reached skill level 6 in Long Blades
  3220 | Sewer    | Reached skill level 1 in Stealth
  3220 | Sewer    | Reached XP level 6. HP: 50/56 MP: 5/5
  3527 | D:3      | Found a transporter.
  3532 | D:3      | Found a one-way gate to the infinite horrors of the Abyss.
  3532 | D:3      | Noticed lmSkywalker's ghost (weakling TeSu)
  3544 | D:3      | Found a transporter.
  3945 | D:3      | Noticed Robin
  3958 | D:3      | Killed Robin
  4371 | D:3      | Reached **** piety under Trog
  4412 | D:3      | You fall into a shaft and drop 1 floor!
  4534 | D:3      | Killed lmSkywalker's ghost
  4535 | D:3      | Reached XP level 7. HP: 62/62 MP: 6/6
  4887 | D:4      | Reached skill level 7 in Long Blades
  5105 | D:4      | Reached skill level 5 in Dodging
  5919 | D:5      | Entered Level 5 of the Dungeon
  6210 | D:5      | Noticed Ijyb
  6216 | D:5      | Killed Ijyb
  6294 | D:5      | Reached XP level 8. HP: 47/71 MP: 7/7
  6535 | D:5      | Reached skill level 8 in Long Blades
  7078 | D:5      | Found Aratuin's Antique Armour Shoppe.
  7211 | D:6      | Noticed Eustachio
  7216 | D:6      | Killed Eustachio
  7360 | D:1      | Bought a faintly glowing ring mail for 216 gold pieces
  7360 | D:1      | Identified the +2 ring mail of Idealism {Str+7} (You bought
                  | it in a shop on level 1 of the Dungeon)
  7495 | D:6      | Found a runed translucent door.
  7495 | D:6      | Found a shimmering altar of Xom.
  7495 | D:6      | Noticed funnyparkerb's ghost (novice DsCj)
  7495 | D:6      | Noticed a +1 falchion of chaos
  7686 | D:6      | Reached skill level 1 in Staves
  7722 | D:6      | Reached skill level 5 in Armour
  7847 | D:6      | Reached XP level 9. HP: 45/79 MP: 8/8
  8602 | D:6      | HP: 3/118 [+1 falchion of chaos (6)]
  8603 | D:6      | Killed from afar by funnyparkerb's ghost

Illustrated notes

Levels and vault maps discovered:
D:1:      lemuel_arrival_muddy, layout_basic, serial_shops, shop,
          minmay_misc_feat_iff
D:2:      layout_loops_ring, uniq_crazy_yiuf_cottage
D:3:      layout_loops_cross, gup_sewer_entry_pipe,
          gammafunk_ghost_abyssal_escape, uniq_robin
D:4:      layout_basic
D:5:      layout_basic, serial_shops, nicolae_shop_behind_doors, uniq_ijyb
D:6:      corexii_shack_village, layout_loops_cross, ebering_ghost_xom,
          uniq_eustachio

Skill      XL: |  1  2  3  4  5  6  7  8  9 |
---------------+----------------------------+-----
Long Blades    | 4 5 6 7 8 |  8.9
Fighting       | 4 5 6 7 |  7.6
Dodging        | 3 4 5 6 |  6.1
Stealth        | 1 2 3 |  3.0
Armour         | 3 5 |  5.3
Staves         | 2 3 |  3.4

Action                   |  1- 3 |  4- 6 |  7- 9 || total
-------------------------+-------+-------+-------++-------
Melee: Falchion          |    77 |   229 |   118 ||   424
       Headbutt          |     8 |    30 |    30 ||    68
       Punch             |       |     1 |     1 ||     2
       Lajatang          |       |       |    59 ||    59
Invok: Berserk           |     2 |     8 |     3 ||    13
       Trog's Hand       |       |     1 |       ||     1
  Use: Scroll            |     1 |     5 |       ||     6
 Stab: Sleeping          |     1 |       |       ||     1
       Distracted        |       |     1 |       ||     1
Armor: Animal skin       |    15 |    63 |     9 ||    87
       Chain mail        |       |       |    22 ||    22
       Ring mail         |       |       |    24 ||    24
       Scale mail        |       |       |     6 ||     6
Dodge: Dodged            |    55 |   184 |    87 ||   326
